 Dungeon Crawl Stone Soup version 0.19-a0-1855-gb7442ac (webtiles) character file.

156 Amnesiac the Sneak (level 5, 0/28 HPs)
             Began as a Deep Elf Earth Elementalist on Oct 11, 2016.
             Succumbed to a worker ant's poison
             ... on level 4 of the Dungeon.
             The game lasted 00:02:58 (1228 turns).

Amnesiac the Sneak (Deep Elf Earth Elementalist)    Turns: 1228, Time: 00:03:00

Health: 0/28       AC:  7    Str:  5    XL:     5   Next: 14%
Magic:  1/11       EV: 13    Int: 20    God:
Gold:   96         SH:  0    Dex: 16    Spells: 2 memorised, 7 levels left

rFire  . . .     SeeInvis .     (no weapon)
rCold  . . .     Gourm    .     c - +0 robe
rNeg   . . .     Faith    .     (no shield)
rPois  .         Spirit   .     m - +0 helmet
rElec  .         Dismiss  .     a - +0 cloak
rCorr  .         Reflect  .     o - +2 pair of gloves
MR     .....     Harm     .     (no boots)
Stlth  ++++......               (no amulet)
                                (no ring)
                                (no ring)

@: lethally poisoned (0 -> -12), about to teleport
A: no striking features
a: no special abilities


You were on level 4 of the Dungeon.
You were not hungry.

You visited 1 branch of the dungeon, and saw 4 of its levels.

You collected 96 gold pieces.

Inventory:

Hand Weapons
 i - a +0 dagger
Missiles
 f - 8 tomahawks (quivered)
Armour
 a - a +0 cloak (worn)
 c - a +0 robe (worn)
 m - a +0 helmet (worn)
 o - a +2 pair of gloves (worn)
Wands
 r - a wand of random effects (18/48)
Scrolls
 j - a scroll of remove curse {unknown}
 l - a scroll of fear {unknown}
 p - a scroll of enchant armour {unknown}
 t - a scroll of identify {unknown}
Books
 e - a book of Geomancy

   Spells                             Type                      Level
   a - Sandblast                      Earth                        1
   b - Passwall                       Transmutation/Earth          2
   c - Stone Arrow                    Conjuration/Earth            3
   d - Petrify                        Transmutation/Earth          4
   e - Lee's Rapid Deconstruction     Earth                        5
Comestibles
 d - a bread ration
 k - a meat ration
 q - 2 fruits
 s - a slice of pizza


   Skills:
 - Level 2.4 Dodging
 + Level 7.1 Stealth
 - Level 3.0 Spellcasting
 - Level 1.1 Transmutations
 - Level 3.2 Earth Magic


You had 7 spell levels left.
You knew the following spells:

 Your Spells              Type           Power        Failure   Level  Hunger
f - Sandblast             Erth           ###...       3%          1    None
v - Passwall              Tmut/Erth      ##........   12%         2    ##.....


Dungeon Overview and Level Annotations

Branches:
Dungeon (4/15)
 Temple: D:4-7

Altars:

Annotations:
D:4 eragonby's ghost, amateur GrFi


Message History

Aim: a worker ant (almost dead)
The blast of sand hits the worker ant.
You kill the worker ant!
Your Stealth skill increases to level 7!
You have reached level 5!
* * * LOW HITPOINT WARNING * * *
You feel sick.
You aren't carrying any potions.
You aren't carrying any potions.
You aren't carrying any potions.
You aren't carrying any potions.
You aren't carrying any potions.
As you read the scroll labeled OBLASI UXARO, it crumbles to dust.
The air around you briefly surges with heat, but it dissipates.
It was a scroll of immolation.
* * * LOW HITPOINT WARNING * * *
You feel sick.
As you read the scroll labeled GUPPEKE ZULIO, it crumbles to dust.
You feel strangely unstable.
It was a scroll of teleportation.
You die...

#################
#.........#.....##
#................##
#.................#
#.................#
#...†.............#
#...@.............#
#.................#
#.................##
###.#.....#.....#..##
##.####.###.#####...
#..####..##.# ####
##...###.##.######..
#.....#............
#...........##...#.


There were no monsters in sight!

Vanquished Creatures
  A hound (D:4)
  Jessica (D:2)
  2 worker ants (D:4)
  A howler monkey skeleton (D:4)
  2 adders
  2 leopard geckos
  2 orcs
  2 giant cockroaches (D:3)
  3 goblins (D:3)
  A hobgoblin (D:1)
  A jackal (D:3)
  2 kobolds
  A quokka (D:4)
  2 frilled lizards
  A leopard gecko skeleton (D:4)
  3 rats
27 creatures vanquished.

Notes
Turn   | Place    | Note
-------+----------+-------------------------------------------
     0 | D:1      | Amnesiac the Deep Elf Earth Elementalist began the quest for the Orb.
     0 | D:1      | Reached XP level 1. HP: 10/10 MP: 6/6
    71 | D:2      | Noticed Jessica
    80 | D:1      | Reached skill level 3 in Stealth
   270 | D:2      | Killed Jessica
   270 | D:2      | Reached skill level 4 in Stealth
   270 | D:2      | Reached XP level 2. HP: 15/15 MP: 5/8
   270 | D:2      | Reached XP level 3. HP: 19/19 MP: 5/9
   276 | D:1      | Learned a level 2 spell: Passwall
   543 | D:4      | Noticed eragonby's ghost (amateur GrFi)
   578 | D:4      | Reached skill level 5 in Stealth
   579 | D:4      | Reached XP level 4. HP: 24/24 MP: 4/10
   700 | D:3      | Reached skill level 6 in Stealth
   880 | D:3      | You fall through a shaft!
  1226 | D:4      | Reached skill level 7 in Stealth
  1226 | D:4      | Reached XP level 5. HP: 3/28 MP: 1/11
  1227 | D:4      | HP: 1/28 [poisoned by a worker ant]
  1228 | D:4      | Succumbed to a worker ant's poison

Vault maps used:
D:1:      dpeg_arrival_central, hangedman_abyss_or_decor_stabs,
          okawaru_ov_weapons_minmay
D:2:      uniq_jessica
D:3:      kennysheep_nub

Skill      XL: |  1  2  3  4 |
---------------+-------------+-----
Stealth        | 4 5 7 |  7.1
Dodging        | |  2.4
Spellcasting   | |  3.0
Transmutations | |  1.1
Earth Magic    | |  3.2

Action                   |  1- 3 |  4- 6 || total
-------------------------+-------+-------++-------
Melee: Unarmed           |     2 |       ||     2
 Cast: Sandblast         |    20 |    36 ||    56
  Use: Scroll            |       |     2 ||     2
  Eat: Chunk             |       |     1 ||     1
Armor: Robe              |     4 |     6 ||    10
Dodge: Dodged            |     4 |    17 ||    21
